Unix NetHack Version 3.7.0-86 Work-in-progress - last build May 30 2023 01:50:43 (cc98dc9aa62a9957b082a042edf5bd7ec9f632c7,branch:master). Game began 2023-06-08 14:20:22, ended 2023-06-09 02:00:30. Superfly, chaotic male human Wizard ----------- --------- ---------------- |.........| |.......| ------------ |..............| |.[......<.# |........# #@d)?%[?!(!?| |....>..........# |.........|# #........|# h|@)*(!.!)%!| |..............|# |.........|# #---------## #|.%?/%*!)*[| -----------|----## ---.-------# # # #------------ ##### # ## # # # # # # # # # # # ## # # # # # # ### ### # ## # # #### ## # ---|-- # # # -------# ----.------ ##-....| # # # |.....|# |.....|)[)| |.{.>| # # ### |.....|# |-|--.|)))| `########-....-# ##------## # |...{.|# |...|.|...| # ------#### #|....|# # |......# |[)[|.--|-| # #|....|# ###......| |[[[|......### #..^...# ------- ----------- ------ Superfly the Conjurer St:10 Dx:12 Co:18 In:17 Wi:9 Ch:9 Chaotic S:770 Dlvl:4 $:214 HP:0(35) Pw:20(32) AC:3 Xp:4/89 T:1751 Latest messages: The little dog eats a tripe ration. You see here a food ration (for sale, 60 zorkmids). You see here a leather armor (for sale, 33 zorkmids). You see here a food ration (for sale, 60 zorkmids). You see here an orcish bow (for sale, 80 zorkmids). The little dog picks up a food ration. You see here a bubbly potion (for sale, 178 zorkmids). You stop. Your little dog is in the way! You see here a scroll of light (for sale, 67 zorkmids). You see here a ring mail (for sale, 133 zorkmids). You see here a key (for sale, 18 zorkmids). You see here a scroll labeled ANDOVA BEGARIN (for sale, 133 zorkmids). Wait! That's a small mimic! In what direction? 4 The spell hits the small mimic! You miss the small mimic. The small mimic hits! The little dog drops a food ration. In what direction? 4 The spell misses the small mimic. You hit the small mimic! The little dog picks up a food ration. You miss the small mimic. You hit the small mimic. You hit the small mimic! You miss the small mimic. The small mimic hits! You miss the small mimic. You kill the small mimic! Welcome to experience level 4. The little dog drops a food ration. Are you waiting to get hit? Use 'm' prefix to force a no-op (to rest). You hit the hobbit. The hobbit thrusts her runed dagger. The hobbit hits! The little dog picks up a crude arrow. You fail to cast the spell correctly. You miss the hobbit. The hobbit thrusts her runed dagger. The hobbit hits! You miss the hobbit. The hobbit thrusts her runed dagger. The hobbit hits! The little dog drops a crude arrow. You hit the hobbit. The hobbit thrusts her runed dagger. The hobbit hits! You die... Maganasipi gratefully inherits all your possessions. Do you want to see what you had when you died? [ynq] (y) q Inventory: Coins $ - 214 gold pieces Weapons a - a blessed +1 quarterstaff (weapon in hands) Armor b - an uncursed +0 cloak of magic resistance (being worn) r - an uncursed +0 banded mail (being worn) Comestibles o - 2 uncursed food rations Scrolls w - an uncursed scroll of gold detection i - a blessed scroll of identify k - an uncursed scroll of identify q - a cursed scroll of teleportation Spellbooks l - a blessed spellbook of force bolt m - an uncursed spellbook of healing Potions u - an uncursed potion of gain ability p - a blessed potion of gain energy g - an uncursed potion of restore ability t - an uncursed potion of restore ability f - an uncursed potion of water Rings e - a blessed +3 ring of gain strength d - an uncursed ring of protection from shape changers s - an uncursed ring of stealth Wands c - a wand of striking (0:6) Gems/Stones h - an uncursed worthless piece of white glass n - 2 cursed worthless pieces of yellow glass j - 4 uncursed rocks Superfly the Wizard's attributes: Background: You were a Conjurer, a level 4 male human Wizard. You were chaotic, nominally on a mission for Anhur who was opposed by Ptah (lawful) and Thoth (neutral). You were in the Dungeons of Doom, on level 4. You entered the dungeon 1751 turns ago. It was nighttime. You had 89 experience points, 71 more were needed to attain level 5. Your score was 770 before end-of-game adjustments. Basics: You had 0 out of 35 hit points. You had 20 out of 32 energy points (spell power). Your armor class was 3. Your wallet contained 214 zorkmids. Autopickup was off. Final Characteristics: Your strength was 10 (limit:18/100). Your dexterity was 12 (limit:18). Your constitution was 18 (limit:18). Your intelligence was 17 (limit:18). Your wisdom was 9 (limit:18). Your charisma was 9 (limit:18). Final Status: You were not hungry. You were unencumbered. You were wielding a quarterstaff. You had basic skill with quarterstaff. Final Attributes: You were devoutly aligned. You were magic-protected. You were warded. You are dead. Miscellaneous: You never encountered a bones level. Total elapsed playing time was 1 hour, 55 minutes and 38 seconds. Major events: Turn 1: Superfly the chaotic male human Wizard entered the dungeon 1422: attained the rank of Conjurer (level 3) 1751: killed by a hobbit Vanquished creatures: a small mimic a kitten an acid blob a hobbit a manes a brown mold 2 gnomes a garter snake a gecko a sewer rat 3 grid bugs 5 lichens 2 kobold zombies 2 newts 23 creatures vanquished. No species were genocided or became extinct. Voluntary challenges: You were an atheist. You were illiterate. You never engraved Elbereth. You never genocided any monsters. You never polymorphed an object. You never changed form. You used no wishes. Achievements: You entered a shop. You attained the rank of Conjurer. The Dungeons of Doom: levels 1 to 5 Level 1: Some fountains. Level 2: A general store. Level 3: "Vault" A delicatessen. Level 4: <- You were here. Many shops, some fountains. Final resting place for you, killed by a hobbit. Level 5: Game over: ---------- / \ / REST \ / IN \ / PEACE \ / \ | Superfly | | 214 Au | | killed by a | | hobbit | | | | | | 2023 | *| * * * | * _________)/\\_//(\/(/\)/\//\/|_)_______ Goodbye Superfly the Wizard... You died in The Dungeons of Doom on dungeon level 4 with 749 points, and 214 pieces of gold, after 1751 moves. You were level 4 with a maximum of 35 hit points when you died.